[Event "Live Chess"]
[Site "Chess.com"]
[Date "2024.06.02"]
[Round "-"]
[White "Sir_Sigmund"]
[Black "grillage"]
[Result "0-1"]
[WhiteElo "1864"]
[BlackElo "1855"]
[TimeControl "300"]
[EndTime "17:38:19 PDT"]
[Termination "grillage won by resignation"]

1. e4 d5 2. Nf3 dxe4 3. Ng5 Bf5 4.
Nc3 Nf6 5. Bc4 e6 6. O-O Nc6 7.
Bb5 Qd6 8. f3 exf3 9. Nxf3 a6 10. Ba4 Be7 11. d3 O-O 12. Qe1 b5 13. Bb3 Nd4 14.
Nxd4 Qxd4+ 15. Be3 Qd6 16. Kh1 Ng4 17. Bg1 c5 18. a3 Bf6 19. Ne4 Bxe4 20. Qxe4 h5 21. c3 Be5 22. g3 Rad8 23. Bc2 Nf6 24. Qh4 Qd5+ 25. Qe4 Nxe4 26. dxe4 Qc6 27. Rf2 Rd7 28. Raf1 f6 29. Kg2 Rfd8 30. h4 Rd2 31. Bb3 Rxf2+ 32. Bxf2 c4 33. Bc2 Rd2 34. Rc1 Rxc2 35. Rxc2 Qxe4+ 0-1

[Event "Live Chess"]
[Site "Chess.com"]
[Date "2024.06.02"]
[Round "-"]
[White "dmitro74"]
[Black "MaksymYurii"]
[Result "1-0"]
[WhiteElo "1698"]
[BlackElo "962"]
[TimeControl "300"]
[EndTime "17:38:25 PDT"]
[Termination "dmitro74 won by resignation"]

1. d4 d5 2. c4 dxc4 3. Nc3 c6 4. e3 e6 5. Bxc4 Bb4 6. Ne2 Nf6 7. O-O O-O 8. a3 Bxc3 9. bxc3 Re8 10. f4 Nbd7 11. Ng3 c5 12. Bb2 cxd4 13. cxd4 Nb6 14.
Ba2 e5 15. fxe5 Ng4 16. Bxf7+ Kh8 17. Bxe8 Qxe8 18. Qf3 Nh6 19. Qf8+ Qxf8 20. Rxf8+ Ng8 21. Rc1 Be6 22. Rxa8 Nxa8 23. e4 Nb6 24. d5 Bg4 25. d6 h6 26. h3 Be6 27. Nf5 Nd7 28. Nd4 Bb3 29. Nxb3 1-0

[Event "Live Chess"]
[Site "Chess.com"]
[Date "2024.06.02"]
[Round "-"]
[White "CheckThis4"]
[Black "Dhaydon19"]
[Result "1-0"]
[WhiteElo "2706"]
[BlackElo "2677"]
[TimeControl "300"]
[EndTime "17:39:17 PDT"]
[Termination "CheckThis4 won by resignation"]

1. e4 e6 2. d4 d5 3. e5 c5 4. c3 Nc6 5. Nf3 Nge7 6. Na3 a6 7. Nc2 Nf5 8. Bd3 cxd4 9. cxd4 Be7 10. O-O h5 11.
Bd2 g5 12. Bc3 g4 13. Nfe1 Bg5 14. Qe2 Rg8 15. Rd1 Bd7 16. f4 gxf3 17. Nxf3 Be7 18. Ne3 Nh6 19. h3 Qb6 20. a3 O-O-O 21. Kh2 f6 22. b4 fxe5 23. Nxe5 Nxe5 24. dxe5 Be8 25. Bh7 Rg7 26. Bd4 Qb5 27. Bd3 Qa4 28. Rc1+ Kb8 29.
Rc3 Bb5 30. Rfc1 Bxd3 31. Qxd3 Bg5 32. Bb6 Rdg8 33. R1c2 Bf4+ 34. Kh1 Bxe5 35. Bd4 Bxd4 36. Qxd4 Qd7 37. Qe5+ Ka7 38. Rc7 Qa4 39. Qd4+ Kb8 40.
Qb6 Qb5 41. Qd6 Rxc7 42. Rxc7 Ka8 43. Qxe6 Qb6 44. Qxb6 1-0

[Event "Live Chess"]
[Site "Chess.com"]
[Date "2024.06.02"]
[Round "-"]
[White "Queensandpawns"]
[Black "PaulyD81"]
[Result "1-0"]
[WhiteElo "2311"]
[BlackElo "980"]
[TimeControl "300"]
[EndTime "17:39:19 PDT"]
[Termination "Queensandpawns won by resignation"]

1. e4 c5 2. Bc4 d6 3. Qf3 Nf6 4. Qb3 e6 5. d3 Nbd7 6. Bd2 Qb6 7. a4 Qxb3 8. Bxb3 a6 9. Nc3 a5 10. Nb5 Rb8 11. Bxa5 b6 12. Bc3 Bb7 13. Nf3 Be7 14.
O-O O-O 15. d4 cxd4 16. Nfxd4 d5 17. exd5 Nxd5 18. Bd2 Nc5 19. Bc4 Ra8 20. b3 Ne4 21. Be1 Ndc3 22. Nxc3 Bb4 23. Ndb5 Ba6 24. Nxe4 Bxe1 25.
Raxe1 Bxb5 26. Bxb5 1-0

[Event "Live Chess"]
[Site "Chess.com"]
[Date "2024.06.02"]
[Round "-"]
[White "nigelst"]
[Black "Crowded_House"]
[Result "1/2-1/2"]
[WhiteElo "1716"]
[BlackElo "1724"]
[TimeControl "300"]
[EndTime "17:39:21 PDT"]
[Termination "Game drawn - insufficient material"]

1. e4 e6 2. d4 d5 3. exd5 exd5 4. Nf3 Bd6 5. c4 c6 6. c5 Bc7 7.
Bd3 Ne7 8. O-O O-O 9. Re1 h6 10. b4 a6 11. a4 Bf5 12. Qc2 Bxd3 13. Qxd3 Ng6 14. Nc3 Nd7 15. Be3 Nf6 16. b5 axb5 17. axb5 Qd7 18. bxc6 bxc6 19. Reb1 Rxa1 20. Rxa1 Rb8 21.
Rb1 Qc8 22. g3 Rb7 23. Rxb7 Qxb7 24. Kg2 Qb3 25. Nd2 Qa3 26. Qc2 Ba5 27. Ne2 Bxd2 28. Bxd2 Ne4 29. f3 Nxd2 30. Qxd2 Qa4 31. Kf2 Qb5 32. Nc3 Qc4 33. Nd1 Ne7 34. Ne3 Qb5 35. Ng4 Nf5 36. Ne5 Qa4 37. Qf4 Qxd4+ 38. Qxd4 Nxd4 39.
Ke3 Nb3 40. Nxc6 Nxc5 41. Kd4 Ne6+ 42. Ke5 Kf8 43. f4 g6 44. Kxd5 Nc7+ 45. Kd6 Nb5+ 46. Kd7 Nc3 47. Ne5 Ne4 48. Ng4 h5 49. Ne5 Nd2 50. h3 Nf1 51. g4 hxg4 52. hxg4 Ne3 53. f5 gxf5 54. gxf5 Nxf5 55. Nxf7 1/2-1/2

[Event "Live Chess"]
[Site "Chess.com"]
[Date "2024.06.02"]
[Round "-"]
[White "WelshTiger"]
[Black "RichardABates"]
[Result "0-1"]
[WhiteElo "2455"]
[BlackElo "2346"]
[TimeControl "300"]
[EndTime "17:39:36 PDT"]
[Termination "RichardABates won on time"]

1. e4 c5 2. Nf3 d6 3. d4 cxd4 4.
Nxd4 Nf6 5. Nc3 a6 6. h4 e5 7.
Nb3 Be6 8. f4 exf4 9. Bxf4 Nc6 10. Qd2 Be7 11. O-O-O O-O 12. Bxd6 Bxd6 13. Qxd6 Qxd6 14.
Rxd6 Rad8 15. Rxd8 Rxd8 16. Nc5 Bc8 17. Bd3 Ne5 18.
Rd1 b6 19. Nb3 Bg4 20. Rd2 b5 21. Nc5 b4 22. N3a4 a5 23. Bb5 Rc8 24. Ba6 Rb8 25. Bb7 h5 26. Bd5 Rc8 27. Nb3 Nxd5 28. Rxd5 Nc4 29. Rc5 Rd8 30. Rd5 Re8 31. Rd4 Ne3 32. Nxa5 Nxg2 33. Nb7 Nxh4 34. Nd6 Rd8 35. Nc5 Nf3 36.
Rd5 h4 37. Ncb7 Rb8 38. Nc5 h3 39. Nf5 Bxf5 40. Rxf5 h2 41. Rh5 g6 42. Rh3 g5 43. Nd7 Rd8 44. Nf6+ Kg7 45. Ng4 Rh8 46.
Rxh8 Kxh8 47. Nf2 g4 48. Nh1 Ng5 49. a4 bxa3 50. bxa3 Nxe4 51. a4 g3 52. a5 g2 53. a6 gxh1=N 54. Kb2 Nhg3 55. a7 h1=Q 56. a8=Q+ Kg7 57. Qd5 Qe1 58. Qe5+ f6 59. Qe7+ Kg6 60. Qe8+ Kf5 61. Qd7+ Kf4 0-1

[Event "Live Chess"]
[Site "Chess.com"]
[Date "2024.06.02"]
[Round "-"]
[White "CarmelJane"]
[Black "booktrunk"]
[Result "1-0"]
[WhiteElo "2079"]
[BlackElo "1499"]
[TimeControl "300"]
[EndTime "17:39:56 PDT"]
[Termination "CarmelJane won by resignation"]

1. e4 e6 2. d4 b6 3. Bd3 Bb7 4. Qe2 h6 5. Nf3 Nf6 6. O-O Be7 7. e5 Nd5 8. c4 Nb4 9. Be4 Bxe4 10. Qxe4 c6 11.
a3 N4a6 12. Nc3 Nc7 13. b4 d5 14. cxd5 exd5 15. Qd3 Ne6 16. Ne2 a6 17. Nf4 Nxf4 18. Bxf4 Nd7 19. Rac1 Qc8 20. e6 fxe6 21. Qg6+ Kd8 22.
Qxe6 Nf8 23. Qf7 Rh7 24. Rfe1 Qd7 25. Ne5 Qe8 26. Nxc6+ Kd7 27. Rxe7+ 1-0

[Event "Live Chess"]
[Site "Chess.com"]
[Date "2024.06.02"]
[Round "-"]
[White "RichardABates"]
[Black "nigelst"]
[Result "1-0"]
[WhiteElo "2347"]
[BlackElo "1716"]
[TimeControl "300"]
[EndTime "17:40:37 PDT"]
[Termination "RichardABates won by resignation"]

1. d4 Nf6 2. Nf3 e6 3. c4 c5 4.
d5 d6 5. Nc3 e5 6. e4 Bg4 7. Be2 Nbd7 8. Nd2 Be7 9. Bxg4 Nxg4 10.
Qxg4 Nf6 11. Qe2 1-0

[Event "Live Chess"]
[Site "Chess.com"]
[Date "2024.06.02"]
[Round "-"]
[White "stevochess11"]
[Black "Thebigsqueeze"]
[Result "1-0"]
[WhiteElo "1692"]
[BlackElo "2272"]
[TimeControl "300"]
[EndTime "17:40:51 PDT"]
[Termination "stevochess11 won by resignation"]

1. d4 Nf6 2. Nf3 g6 3. Nc3 Bg7 4. e4 O-O 5. Be3 d5 6. e5 Ne8 7. Qd2 f6 8. Bh6 fxe5 9. dxe5 e6 10. h4 Nc6 11. h5 Rxf3 12. gxf3 Nxe5 13. Be2 Qf6 14.
hxg6 hxg6 15. O-O-O Bd7 16. Rdg1 b5 17. Nxd5 exd5 18.
Qxd5+ Nf7 19. Bxg7 Qf4+ 20. Kb1 Kxg7 21. Qxa8 Qd2 22. Qe4 Ned6 23. Qd3 Qf4 24. Qc3+ Kf8 25. Rxg6 Bf5 26. Rf6 b4 27. Rxf7+ Kxf7 28. Qxc7+ Ke6 29. Re1 Kd5 30. Qxa7 Bg6 31. Rd1+ Ke6 32. Qd4 Qh2 33.
Qd5+ Ke7 34. Qe5+ Kd7 35. Qxh2 1-0

[Event "Live Chess"]
[Site "Chess.com"]
[Date "2024.06.02"]
[Round "-"]
[White "KnightStripes"]
[Black "KeithArkell"]
[Result "0-1"]
[WhiteElo "917"]
[BlackElo "2425"]
[TimeControl "300"]
[EndTime "17:40:54 PDT"]
[Termination "KeithArkell won by checkmate"]

1. d4 c5 2. d5 e5 3. Nc3 d6 4.
e4 Be7 5. Nf3 Bg4 6. h3 Bxf3 7.
Qxf3 Bg5 8. Bxg5 Qxg5 9. h4 Qf6 10. Nb5 Qxf3 11. Nc7+ Kd7 12. gxf3 Kxc7 13. O-O-O Nf6 14. Rg1 Nh5 15. Be2 Nf4 16. Rde1 g6 17. Kd2 Nd7 18.
Kc3 f6 19. Kb3 h6 20. Ka4 g5 21. hxg5 fxg5 22. Rh1 a6 23. Reg1 b5+ 24. Ka5 Nxe2 25.
Rg2 Nb6 26. Rgh2 Nc4# 0-1

[Event "Live Chess"]
[Site "Chess.com"]
[Date "2024.06.02"]
[Round "-"]
[White "ShanthamGrarks"]
[Black "MagnersCarlsberg2870"]
[Result "1-0"]
[WhiteElo "1858"]
[BlackElo "1764"]
[TimeControl "300"]
[EndTime "17:41:11 PDT"]
[Termination "ShanthamGrarks won by resignation"]

1. d4 Nf6 2. Nc3 e6 3. e4 Bb4 4. Bg5 h6 5. Bxf6 Qxf6 6. Nf3 d5 7. e5 Qe7 8. Bd3 c5 9. dxc5 Bxc5 10. O-O a6 11. a3 Nc6 12. b4 Ba7 13. Ne2 Qc7 14. Qd2 Nxe5 15. Nxe5 Qxe5 16. Rae1 Qh5 17. Ng3 Qh4 18.
Nf5 Qg5 19. Qxg5 hxg5 20. c4 O-O 21. Ne7+ Kh8 22. c5 Re8 23. Nxd5 e5 24. Nc7 Bd7 25. Nxa8 Rxa8 26. Rxe5 f6 27. Re7 Rd8 28. Bg6 Bc6 29.
Rfe1 Bb8 30. g3 Be5 31. h4 gxh4 32. gxh4 Rd4 33. Rf7 Rg4+ 34. Kf1 Bb5+ 35. Re2 Rxg6 36. Rxb7 Bxe2+ 37. Kxe2 f5 38. Kd3 Bb2 39. a4 Ba3 40. Kc4 Rg4+ 41. Kd5 Rxh4 42. c6 Rh1 43. b5 axb5 44.
axb5 Rd1+ 45. Ke6 f4 46. c7 Rc1 47. Rb8+ Kh7 48. c8=Q 1-0

[Event "Live Chess"]
[Site "Chess.com"]
[Date "2024.06.02"]
[Round "-"]
[White "Dhaydon19"]
[Black "Queensandpawns"]
[Result "1-0"]
[WhiteElo "2679"]
[BlackElo "2309"]
[TimeControl "300"]
[EndTime "17:41:56 PDT"]
[Termination "Dhaydon19 won by resignation"]

1. d4 Nc6 2. c3 e5 3. Nf3 e4 4. Nfd2 e3 5. fxe3 d5 6. g3 h5 7. Nf3 h4 8. gxh4 Nf6 9. Nbd2 Ne4 10. Nxe4 dxe4 11. Ng1 Qxh4+ 12. Kd2 Bd6 13. Bg2 Bg4 14.
Bxe4 O-O-O 15. Nf3 Bxf3 16. Bxf3 g5 17. h3 f5 18. Qc2 Ne5 19. Qxf5+ Kb8 20. dxe5 Bxe5+ 21. Kc2 1-0

[Event "Live Chess"]
[Site "Chess.com"]
[Date "2024.06.02"]
[Round "-"]
[White "RockTroll"]
[Black "gobbles19"]
[Result "0-1"]
[WhiteElo "2200"]
[BlackElo "2272"]
[TimeControl "300"]
[EndTime "17:42:11 PDT"]
[Termination "gobbles19 won by resignation"]

1. e4 d6 2. d4 Nf6 3. f3 g6 4. c4 Bg7 5. Nc3 O-O 6. Nge2 Na6 7.
Be3 c5 8. d5 Nc7 9. a4 b6 10. Ng3 e6 11. Be2 exd5 12. cxd5 a6 13. O-O Re8 14. Qd2 Bb7 15. f4 Nfxd5 16. exd5 Rxe3 17. f5 Re5 18. Bc4 b5 19. axb5 axb5 20. Rxa8 Bxa8 21. Bxb5 Nxb5 22. Nxb5 Rxd5 23. Qc2 Re5 24. Ra1 Re8 25. h3 Be5 26. Ne4 Bxe4 0-1

[Event "Live Chess"]
[Site "Chess.com"]
[Date "2024.06.02"]
[Round "-"]
[White "ACM42"]
[Black "NAZRIZ1977"]
[Result "1-0"]
[WhiteElo "2169"]
[BlackElo "2138"]
[TimeControl "300"]
[EndTime "17:42:38 PDT"]
[Termination "ACM42 won by resignation"]

1. e4 c5 2. Nf3 d6 3. d4 cxd4 4.
Nxd4 Nf6 5. Nc3 g6 6. f4 a6 7. e5 dxe5 8. fxe5 Nd5 9. Bc4 Nxc3 10.
bxc3 Bg7 11. O-O O-O 12. e6 f5 13. Bf4 Nc6 14. Nxc6 bxc6 15. Rb1 Qa5 16. Kh1 Qxc3 17. Qe2 a5 18. Rf3 Qf6 19. Bc7 g5 20. Rbf1 f4 21. g3 a4 22. gxf4 Qg6 23. fxg5 Rxf3 24.
Qxf3 Bb7 25. Re1 Rf8 26. Qg2 Qh5 27. Bd3 Qh4 28. Rg1 Rf2 29. Bg3 Rxg2 30. Bxh4 Rd2 31. Rb1 Ba6 32. Rb8+ Bf8 33. Bxa6 Rxc2 34. g6 hxg6 35.
Bxe7 Kg7 36. Bxf8+ 1-0

[Event "Live Chess"]
[Site "Chess.com"]
[Date "2024.06.02"]
[Round "-"]
[White "booktrunk"]
[Black "RichardABates"]
[Result "0-1"]
[WhiteElo "1499"]
[BlackElo "2347"]
[TimeControl "300"]
[EndTime "17:42:54 PDT"]
[Termination "RichardABates won by resignation"]

1. d4 Nf6 2. Nc3 d5 3. Bf4 c5 4. dxc5 Nc6 5. e3 e5 6. Bg5 Be6 7.
Bxf6 gxf6 8. Nf3 Bxc5 9. Bb5 Rg8 10. Bxc6+ bxc6 11. g3 Bg4 12. O-O e4 13. Qd2 Bxf3 14. Na4 Qd7 15. Nxc5 Qh3 0-1

[Event "Live Chess"]
[Site "Chess.com"]
[Date "2024.06.02"]
[Round "-"]
[White "NeilDruggan73"]
[Black "Cruiseylee78"]
[Result "1-0"]
[WhiteElo "1761"]
[BlackElo "1687"]
[TimeControl "300"]
[EndTime "17:43:02 PDT"]
[Termination "NeilDruggan73 won on time"]

1. d4 d6 2. Bg5 Nd7 3. e4 h6 4. Bh4 Ngf6 5. Nd2 e5 6. d5 Be7 7. b4 c6 8. c4 Nf8 9. Be2 g5 10. Bg3 Ng6 11. h4 Rg8 12. hxg5 hxg5 13. Ngf3 Nf4 14.
Bxf4 gxf4 15. Rg1 Ng4 16. Qb3 Qb6 17. Rf1 a5 18. b5 cxd5 19. cxd5 f5 20. Nc4 Qc5 21.
Bd3 fxe4 22. Bxe4 Nf6 23. Qd3 Nxe4 24. Qxe4 Rf8 25. Rc1 Bf5 26. Qe2 Rc8 27. Kd2 Qxd5+ 28. Kc3 a4 29. a3 Be6 30. Kb4 Qc5+ 31. Kxa4 Ra8+ 32. Na5 Ra6 33. Rxc5 Ra8 34. Rc7 b6 35. Rxe7+ Kxe7 36. Qe4 Rxa5+ 37. Kb4 Rfa8 38. Qb7+ Bd7 39. Ra1 Rxb5+ 40. Kc3 Rd8 41. Rd1 Rc8+ 42. Kd2 Rb2+ 43. Ke1 Rcc2 44. Rd2 b5 45. Rxc2 Rxc2 46. Kd1 1-0

[Event "Live Chess"]
[Site "Chess.com"]
[Date "2024.06.02"]
[Round "-"]
[White "LanceMaster23"]
[Black "educatedlad"]
[Result "1-0"]
[WhiteElo "1854"]
[BlackElo "1738"]
[TimeControl "300"]
[EndTime "17:43:44 PDT"]
[Termination "LanceMaster23 won by resignation"]

1. Nf3 c5 2. c3 Nf6 3. d4 d5 4.
Bf4 cxd4 5. cxd4 g6 6. e3 Bg7 7.
Be2 Nc6 8. O-O Nh5 9. Bg3 Nxg3 10. hxg3 O-O 11. Nbd2 Qb6 12. Qb3 Qxb3 13. axb3 e6 14. Rfc1 Bd7 15. Bb5 a6 16. Bxc6 Bxc6 17. b4 Rac8 18.
Nb3 Bb5 19. Nc5 Rc7 20. Rc3 Rfc8 21. Rac1 b6 22. Nb3 Rxc3 23. Rxc3 Rxc3 24. bxc3 Bc4 25.
Nbd2 a5 26. Nxc4 dxc4 27. bxa5 bxa5 28. Nd2 a4 29. Nxc4 Bf8 30. Kf1 a3 31. Nd2 Bd6 32. Ke2 Kf8 33. Kd3 Ke8 34. Kc2 Kd7 35. Kb3 Kc6 36.
Nc4 Be7 37. Nxa3 Bxa3 38. Kxa3 Kb5 39. Kb3 h6 40. c4+ Kc6 41. e4 f5 42. f3 fxe4 43.
fxe4 Kd6 44. Kb4 Kc6 45. c5 h5 46. Kc4 g5 47. d5+ exd5+ 48. exd5+ Kd7 49. c6+ Kd6 50. Kd4 h4 51. gxh4 gxh4 52. Ke4 Kc7 53. Ke5 Kd8 54.
Kd6 Kc8 55. c7 Kb7 56. Kd7 Kb6 57. c8=Q h3 58. Qc6+ Ka5 59. gxh3 Kb4 60. h4 Ka5 61. h5 Kb4 62. h6 Ka5 63. h7 1-0

[Event "Live Chess"]
[Site "Chess.com"]
[Date "2024.06.02"]
[Round "-"]
[White "Dhaydon19"]
[Black "RockTroll"]
[Result "1-0"]
[WhiteElo "2680"]
[BlackElo "2199"]
[TimeControl "300"]
[EndTime "17:44:04 PDT"]
[Termination "Dhaydon19 won by resignation"]

1. d4 Nf6 2. Nf3 g6 3. g3 Bg7 4.
Bg2 O-O 5. O-O d6 6. c3 c6 7.
Nbd2 Nbd7 8. Re1 e5 9. e4 Re8 10. Nc4 Qc7 11. dxe5 dxe5 12. Nd6 Rd8 13. Nxc8 Raxc8 14. Qc2 Nc5 15. Re2 a5 16. b3 Bf8 17. Bg5 Kg7 18.
Qc1 Ng8 19. Bxd8 Rxd8 20. Qc2 1-0

[Event "Live Chess"]
[Site "Chess.com"]
[Date "2024.06.02"]
[Round "-"]
[White "e4evr"]
[Black "oscalik"]
[Result "0-1"]
[WhiteElo "2266"]
[BlackElo "2282"]
[TimeControl "300"]
[EndTime "17:44:06 PDT"]
[Termination "oscalik won by checkmate"]

1. d4 Nf6 2. Nf3 g6 3. c4 d6 4. g3 Bg7 5. Bg2 O-O 6. O-O c6 7. b3 c5 8. Bb2 Nc6 9. d5 Nb8 10. Nbd2 e6 11. e4 exd5 12. exd5 Re8 13. Re1 a5 14. Rxe8+ Qxe8 15. Qe1 Qf8 16. Ng5 a4 17. Nge4 Nbd7 18. Nxf6+ Nxf6 19. Ne4 Nxe4 20. Bxg7 Qxg7 21.
Bxe4 axb3 22. a4 b2 23. Ra2 Qd4 24. Bc2 Bd7 25. Qb1 Re8 26. Rxb2 Re2 27. Qf1 Bg4 28. Ra2 Qxc4 29. Bb3 Qxb3 30. Rxe2 Bxe2 31. Qxe2 Qxd5 32. a5 c4 33. Qe8+ Kg7 34. Qc8 Qc6 35. Qxc6 bxc6 36. a6 c3 37. a7 c2 38. a8=Q c1=Q+ 39. Kg2 Qc3 40. Qd8 Qe5 41. Qb6 c5 42. h4 c4 43.
Qc6 d5 44. h5 Qe4+ 45. Kh2 Qf3 46. hxg6 hxg6 47. Kh3 c3 48. Qc5 Qf5+ 49. Kh2 c2 50. f3 Qd3 51. g4 Qd2+ 52. Kh3 c1=Q 53. Qe7 Qh1+ 54. Kg3 Qdh2# 0-1

[Event "Live Chess"]
[Site "Chess.com"]
[Date "2024.06.02"]
[Round "-"]
[White "MagnersCarlsberg2870"]
[Black "KnightStripes"]
[Result "0-1"]
[WhiteElo "1748"]
[BlackElo "935"]
[TimeControl "300"]
[EndTime "17:44:23 PDT"]
[Termination "KnightStripes won by resignation"]

1. d4 d5 2. e3 Nf6 3. Bd3 Bg4 4. f3 Bh5 5. Ne2 e6 6. Ng3 Bg6 7. Qe2 Bxd3 8. Qxd3 Nc6 9. c3 Bd6 10. Nd2 Bxg3+ 11. hxg3 Qd6 12. f4 O-O-O 13. e4 dxe4 14. Nxe4 Nxe4 15. Qxe4 Rde8 16. Be3 Na5 17. b3 Kb8 18. Kf2 Qa3 19. Rxh7 Rxh7 20. Qxh7 Qb2+ 21. Kf3 Qxa1 22. Qxg7 Qf1+ 23. Kg4 Qe2+ 0-1

[Event "Live Chess"]
[Site "Chess.com"]
[Date "2024.06.02"]
[Round "-"]
[White "grillage"]
[Black "dmitro74"]
[Result "1-0"]
[WhiteElo "1860"]
[BlackElo "1688"]
[TimeControl "300"]
[EndTime "17:44:45 PDT"]
[Termination "grillage won - game abandoned"]

1. d4 d5 2. Nf3 Nf6 3. c4 e6 4. cxd5 exd5 5. Nc3 c6 6. Qc2 g6 7. Bg5 Bf5 8. Qb3 b6 9. e3 Bg7 10. Be2 Nbd7 11. O-O O-O 12. Qd1 Qc7 13. Rc1 Qb7 14. Bd3 Ne4 15. Nh4 Nxg5 16. Nxf5 gxf5 17. Bxf5 Nf6 18.
h4 Nge4 19. Nxe4 Nxe4 20. Qd3 Rae8 21. f3 Nf6 22. g4 h6 23. g5 Nh5 24. Kf2 Qc7 25.
Rg1 Kh8 26. Rg2 1-0

[Event "Live Chess"]
[Site "Chess.com"]
[Date "2024.06.02"]
[Round "-"]
[White "Tushinskiy"]
[Black "Duke_of_Bebington"]
[Result "1-0"]
[WhiteElo "2232"]
[BlackElo "1617"]
[TimeControl "300"]
[EndTime "17:45:01 PDT"]
[Termination "Tushinskiy won by resignation"]

1. d4 d5 2. c3 Nf6 3. Nf3 Bf5 4. Bf4 e6 5. e3 c5 6. Bd3 Bxd3 7. Qxd3 Nc6 8.
Nbd2 Be7 9. O-O O-O 10. Ne5 Nxe5 11. dxe5 Nd7 12. Bg3 Qb6 13. Rab1 f6 14. exf6 Bxf6 15. e4 d4 16. Nc4 Qa6 17. e5 Be7 18. Rfd1 Rad8 19.
a3 Nb6 20. Nxb6 Qxb6 21. cxd4 Rxd4 22. Qc2 Rfd8 23. Rxd4 cxd4 24. Rd1 Qc6 25. Qb3 Bc5 26. h4 h6 27. Kh2 Qb6 28. Qc4 a6 29. b4 Bf8 30. f4 Qc6 31. Rxd4 Qxc4 32. Rxc4 Rd3 33. Rc7 Rxa3 34. Rxb7 Rb3 35. Rb6 Kf7 36. Rxa6 Rxb4 37. Ra7+ Be7 38. Bf2 Rxf4 39. Bc5 Rxh4+ 40. Kg3 Rh5 41.
Bxe7 Kg6 42. Bf8 Rg5+ 43. Kh3 Rh5+ 44. Kg3 Rg5+ 45. Kh2 Rh5+ 46. Kg1 Kf5 47. Bxg7 Rg5 48. Bxh6 Rg4 49. Bg7 Rd4 50. Bf6 Rd1+ 51. Kh2 Rd2 52. Ra3 Rf2 53. Rf3+ Rxf3 54. gxf3 Kf4 55. Kg2 Kf5 56. Kg3 Kg6 57. Kg4 Kf7 58. Kg5 Kf8 59. Kg6 Kg8 60. Be7 Kh8 61. Kf6 Kg8 62. Kxe6 Kh8 63.
f4 Kg8 64. f5 Kh7 65. f6 Kg8 66. Kf5 Kf7 67. e6+ Ke8 68. Bd6 Kd8 69. f7 Kc8 70. f8=Q+ Kb7 71. Qb8+ Kc6 72. Qc7+ 1-0

[Event "Live Chess"]
[Site "Chess.com"]
[Date "2024.06.02"]
[Round "-"]
[White "StoreySniper"]
[Black "lyricalschemes"]
[Result "0-1"]
[WhiteElo "2525"]
[BlackElo "2310"]
[TimeControl "300"]
[EndTime "17:45:30 PDT"]
[Termination "lyricalschemes won by resignation"]

1. e4 Nf6 2. Nc3 e5 3. Nf3 Nc6 4. Bb5 Nd4 5. a4 c6 6. Bd3 Nxf3+ 7. Qxf3 d5 8. h3 Bb4 9. O-O O-O 10. Re1 d4 11. Ne2 Be6 12. Ng3 c5 13. b3 Rc8 14.
Nf5 Bxf5 15. Qxf5 Qd7 16. Qg5 Qd6 17. Bc4 Nd7 18. Rd1 Qf6 19. Qg4 Nb6 20. Bd3 c4 21.
bxc4 Nxc4 22. Qe2 Nd6 23. Ba3 Bxa3 24. Rxa3 Qe6 25. Rb1 Rc7 26. Rab3 b6 27. a5 bxa5 28. Ra1 Rc5 29. Rba3 Nc4 30. Ra4 Rfc8 31. R1a2 g6 32. Kh2 Kg7 33. Ra1 Kg8 34. R1a2 Kg7 35. g3 R8c7 36.
h4 h5 37. Kg2 Kg8 38. Bxc4 Rxc4 39. Rxa5 Qb6 40. Rxe5 Rxc2 41. Rxc2 Rxc2 42. Qd3 Qb2 43.
Qf3 Rc8 44. Re7 Qa2 45. e5 Qa6 46. e6 f5 47. Qb3 Qc6+ 48. Kh2 Rc7 49. Re8+ Kg7 50. Rb8 Re7 51. Qb4 Qxe6 52. Qa4 Qe5 53. Qa5 Qxa5 54. Rb7 Rxb7 0-1

[Event "Live Chess"]
[Site "Chess.com"]
[Date "2024.06.02"]
[Round "-"]
[White "gobbles19"]
[Black "ACM42"]
[Result "0-1"]
[WhiteElo "2259"]
[BlackElo "2179"]
[TimeControl "300"]
[EndTime "17:46:04 PDT"]
[Termination "ACM42 won by resignation"]

1. e4 g6 2. d4 Bg7 3. Nc3 d6 4. h3 Nd7 5. Nf3 Ngf6 6. Be2 O-O 7. O-O e5 8. Be3 c6 9. Qd2 Qc7 10. Rad1 b6 11. Bh6 Bb7 12. Bxg7 Kxg7 13. Rfe1 Rad8 14. a4 Rfe8 15. Bd3 exd4 16. Nxd4 Ne5 17. Bf1 d5 18. f4 Nc4 19. Bxc4 dxc4 20. e5 Nd5 21. Nxd5 Rxd5 22. Qf2 Red8 23. Qg3 Rxd4 0-1

[Event "Live Chess"]
[Site "Chess.com"]
[Date "2024.06.02"]
[Round "-"]
[White "KeithArkell"]
[Black "ShanthamGrarks"]
[Result "1-0"]
[WhiteElo "2426"]
[BlackElo "1857"]
[TimeControl "300"]
[EndTime "17:46:22 PDT"]
[Termination "KeithArkell won by resignation"]

1. d4 e6 2. Nf3 d5 3. Bg5 Be7 4.
Bxe7 Nxe7 5. Nbd2 h6 6. e4 dxe4 7. Nxe4 b6 8. Bd3 Bb7 9. Qe2 Nd7 10. O-O-O Rc8 11. Ne5 Nxe5 12. dxe5 Nd5 13. Bb5+ c6 14. Nd6+ Kf8 15. Nxc8 cxb5 16. Nd6 Ba6 17. Qf3 Qc7 18. Rxd5 exd5 19. Qxd5 g6 20. e6 Ke7 21. Qe5 Qxd6 22. Qxh8 Qxe6 23. Rd1 Qc8 24. Re1+ Kd7 25. Qd4+ Kc6 26.
Re7 Qf5 27. f4 b4 28. b3 Bb5 29. Qxb4 Qf6 30. Re5 a6 31. a4 Bf1 32. Qc3+ 1-0

[Event "Live Chess"]
[Site "Chess.com"]
[Date "2024.06.02"]
[Round "-"]
[White "mychess51"]
[Black "TheSmoulderingMaster"]
[Result "0-1"]
[WhiteElo "1709"]
[BlackElo "1769"]
[TimeControl "300"]
[EndTime "17:46:27 PDT"]
[Termination "TheSmoulderingMaster won on time"]

1. d4 Nf6 2. Nf3 d6 3. g3 g6 4. Bg2 Bg7 5. O-O O-O 6. c4 c6 7. Nc3 Bg4 8. e4 Nbd7 9. h3 Bxf3 10. Bxf3 e5 11. Be3 Re8 12. Re1 exd4 13. Bxd4 Ne5 14. Bxe5 dxe5 15. Qxd8 Raxd8 16. Rad1 Rd4 17. b3 Red8 18. Kf1 h5 19. Ke2 R8d7 20. Bg2 Ne8 21. Na4 b6 22. Rxd4 exd4 23. e5 Bxe5 24. Bxc6 Re7 25.
Kd3 Nc7 26. f4 Bf6 27. Rxe7 Bxe7 28. Kxd4 Kg7 29. Bf3 h4 30. g4 Kf6 31. Nc3 Bd6 32. Ne4+ Ke7 33. Nxd6 Kxd6 34. Bd5 f6 35. g5 fxg5 36.
fxg5 a5 37. Bf7 Ke7 38. Bxg6 Ne6+ 39. Ke5 Nxg5 40. Bf5 Nf3+ 41. Kf4 Nd4 42. Bg4 Kf6 43. Ke4 Nc2 44. Kd3 Nb4+ 45. Kd4 Nxa2 46. Kd5 Nb4+ 47. Kd6 Nd3 48. Kc7 Ne5 49. Kxb6 Nxg4 50. hxg4 h3 51.
c5 h2 52. c6 h1=Q 53. c7 Qg1+ 54. Kb7 Qg2+ 55. Kb8 Qg3 56. Kb7 Qxb3+ 57. Ka8 Qc4 58. c8=Q Qxc8+ 59. Ka7 Qxg4 0-1

[Event "Live Chess"]
[Site "Chess.com"]
[Date "2024.06.02"]
[Round "-"]
[White "booktrunk"]
[Black "NeilDruggan73"]
[Result "0-1"]
[WhiteElo "1496"]
[BlackElo "1764"]
[TimeControl "300"]
[EndTime "17:46:28 PDT"]
[Termination "NeilDruggan73 won by resignation"]

1. d4 Nf6 2. Nc3 g6 3. a3 Bg7 4. Bf4 O-O 5. Nb5 d6 6. Nf3 b6 7. e3 Bb7 8. Be2 a6 9. O-O axb5 10. Bxb5 Ba6 11. Bxa6 Nxa6 12. Qd3 Nb8 13. e4 Nh5 14. Bd2 Nd7 15. e5 dxe5 16. dxe5 Nxe5 17. Qxd8 Raxd8 18. Bc3 Nxf3+ 19. gxf3 Bxc3 20. bxc3 Rd2 21. Rac1 Nf4 22. Rfd1 Rfd8 23. Rxd2 Rxd2 24. Kf1 c5 25. Ke1 Re2+ 26. Kf1 h5 27. a4 f5 28. Rb1 Rxc2 29. Ke1 Nd3+ 30. Kd1 Rb2 31. Ra1 Nxf2+ 32. Ke1 Nd3+ 33. Kd1 Rxh2 34. Ra3 c4 35. a5 bxa5 36. Rxa5 h4 37. Ra4 Nb2+ 0-1